[Event "MCCT Chessable Masters 2022"]
[Site "Online"]
[Date "2022.05.16"]
[Round "8.2"]
[White "Vidit, Santosh Gujrathi"]
[Black "Mishra, Abhimanyu"]
[Result "1-0"]
[ECO "D30"]
[WhiteElo "2723"]
[BlackElo "2535"]
[Annotator "TA"]
[PlyCount "137"]
[EventDate "2022.05.19"]
[EventType "tourn"]
[EventCountry "NET"]
[SourceTitle "playchess.com"]
[Source "ChessBase"]
[SourceQuality "1"]
[TimeControl "900+10"]

1. d4 d5 2. c4 c6 3. Nf3 Nf6 4. e3 e6 5. Bd3 dxc4 6. Bxc4 Nbd7 7. O-O Bd6 8. Qc2 {[%emt 0:00:04] D30: Queen's Gambit Declined: Systems without Nc3.} O-O 9. e4 $1 {[%emt 0:00:01][%mdl 4] is now more promising than 9.Nc3.} e5 $1 10. Be3 {[%emt 0:00:02] White has an edge.} Ng4 11. Bg5 Qc7 {[%emt 0:00:01] Threatens to win with ...exd4.} 12. h3 h6 13. Bh4 Ngf6 14. Nc3 Nh5 15. Rad1 b5 16. Be2 Nf4 17. Bg3 {[%emt 0:01:57] Bxf4 is the strong threat.} exd4 18. Nxd4 {[%emt 0:00:21][%cal Oe2b5] And now Bxb5! would win.} b4 19. Nf5 {[%emt 0:03:25] [#]} Nxh3+ $146 ({Predecessor:} 19... Be5 20. Na4 Nxe2+ 21. Qxe2 Bxg3 22. Nxg3 c5 23. Qc4 Qa5 24. Qc2 c4 25. Rd5 Qc7 {½-½ (75) Zajontz,R (2500)-Mendl,M (2537) ICCF email 2020}) 20. gxh3 Bxg3 21. Nxg3 {[%emt 0:01:28][%cal Oc3d5] Hoping for Nd5!} bxc3 22. Qxc3 Qe5 (22... Ne5 $2 23. f4 $18) 23. Qxe5 Nxe5 24. f4 Ng6 (24... Bxh3 {is interesting.} 25. fxe5 Bxf1 26. Kxf1 Rae8) 25. Kh2 Ne7 (25... a5 $14) 26. f5 $16 {[%emt 0:00:29] White now steadily converts the win.} Rb8 27. b3 c5 28. Bc4 Nc6 29. Rd5 {[%emt 0:00:03] Against Ne5. White is more active.} Rd8 30. Rxd8+ Nxd8 {[%emt 0:00:02] [#]} 31. Rd1 $1 Nc6 32. Rd5 Kf8 33. Rxc5 Rb6 34. Nh5 Ba6 35. Bd5 Nb4 36. Nf4 Bb7 (36... Rb8 $16 {was necessary.}) 37. Bxb7 $18 Rxb7 {[%emt 0:00:00][%mdl 4096] Endgame KRN-KRN} 38. a3 Na6 39. Rc6 Nc7 {[%emt 0:00:30] [#]} 40. b4 $1 Nb5 41. Nd5 {[%emt 0:00:16][%cal Rc6c8] Inhibits Re7.} f6 $2 (41... Ke8 {is a better defense.} 42. a4 Nd4) 42. a4 Nd4 43. Rc8+ Kf7 44. Kg3 g6 45. Rc4 Nb3 46. fxg6+ Kxg6 47. Rc6 Kg7 48. b5 Rf7 49. Kf4 Nd4 50. Rd6 Nb3 51. Ke3 Rb7 52. Rc6 {[%emt 0:00:16] Inhibits Nc5.} Rf7 53. Rc3 Na5 54. Kd4 Rd7 55. Rg3+ Kf7 56. Rf3 Kg7 57. Kc5 Nb7+ 58. Kb4 f5 (58... Rf7 $142 59. a5 Nd6) 59. Rxf5 Nd6 60. Rf4 Rd8 61. Nc7 {[%emt 0:00:13] Against Re8. Strongly threatening Ne6+.} Rc8 62. e5 Nf7 63. e6 Nd6 64. Rd4 Rxc7 65. Rxd6 {[%emt 0:00:01] White mates.} Kf6 66. Rd7 Rc1 67. e7 Kf7 68. Rxa7 Rh1 69. b6 {[%emt 0:00:02] Weighted Error Value: White=0.07 (flawless) /Black=0.23 (precise)} 1-0

[Event "MCCT Chessable Masters 2022"]
[Site "Online"]
[Date "2022.05.16"]
[Round "8.3"]
[White "Wei, Yi"]
[Black "Van Foreest, Jorden"]
[Result "1-0"]
[ECO "D27"]
[WhiteElo "2727"]
[BlackElo "2715"]
[Annotator "TA"]
[PlyCount "109"]
[EventDate "2022.05.19"]
[EventType "tourn"]
[EventCountry "NET"]
[SourceTitle "playchess.com"]
[Source "ChessBase"]
[SourceQuality "1"]
[TimeControl "900+10"]

1. d4 d5 2. c4 dxc4 3. Nf3 Nf6 4. e3 e6 5. Bxc4 c5 6. O-O a6 7. Nbd2 cxd4 8. Nxd4 Be7 9. b3 Bd7 10. Bb2 Nc6 11. N2f3 O-O {[%emt 0:00:28] [#] D27: Queen's Gambit Accepted: Classical main line: 7 e4!? and 7 a4.} 12. Qb1 $1 $146 {[%emt 0:00:37][%mdl 8] A top novelty.} ({Predecessor:} 12. Rc1 Rc8 13. Qe2 Nxd4 14. Bxd4 Bc6 15. Rfd1 Ba3 16. Ra1 Qe7 17. Ne5 Be4 18. f3 Bd5 19. e4 {0-1 (32) Nihal,S (2620)-Vachier Lagrave,M (2784) Chess.com INT 2020}) 12... Nxd4 13. Bxd4 Bb5 {[%emt 0:01:44] The position is equal.} 14. Bxb5 axb5 15. Rd1 Qe8 16. Qb2 Qc6 17. Ne5 Qa6 18. a4 Rfc8 (18... bxa4 $11 19. Rxa4 Qb5) 19. a5 $14 Qd6 20. Qe2 Qd5 21. Rab1 b4 {[%emt 0:01:45] [#]} 22. Nxf7 $1 Qxa5 (22... Qe4 23. Ne5) 23. Ne5 {[%emt 0:00:32] White is more active.} Qa6 24. Qf3 Rf8 25. Ra1 Qb5 26. Qh3 Qd5 27. Rab1 Rfd8 28. Nd3 (28. Rd3 $16 Qd6 29. Rbd1) 28... Qf5 29. Qxf5 exf5 30. Bxf6 gxf6 (30... Bxf6 $14 31. Nxb4 Rxd1+ 32. Rxd1 Ra3) 31. Kf1 $16 Kf7 32. Ke2 Bd6 33. Rd2 Ke6 34. g3 Rdc8 35. Kf3 Rc3 36. Nc1 Be5 {[%emt 0:00:14] [#]} 37. Ne2 $1 b5 38. Nd4+ Bxd4 39. Rxd4 {[%emt 0:00:00][%mdl 4096] Endgame KRR-KRR} Ra2 40. Rxb4 Rcc2 41. Rf1 Rc5 42. Rh4 Rc3 (42... Rc7 {was worth a try.} 43. Rb4 Rc5) 43. Rb4 $2 (43. Rxh7 $18 {Strongly threatening b4.} Rxb3 44. h4) 43... Rb2 $2 ({Better is} 43... Rc5 $11) 44. Rh4 $2 ({White should play} 44. Rxb5 $16 {And now Rb7 would win.} Rbxb3 45. Ra5) 44... Rbxb3 $2 (44... Ra2 $1 $11 {and Black has nothing to worry.}) 45. Rxh7 $18 Rc2 $2 (45... Rb2 46. h4 b4) 46. Rb7 b4 47. h4 Rbb2 (47... Rbc3 $142 48. Rxb4 Kf7) 48. h5 {[%emt 0:00:11] White is clearly winning.} b3 49. h6 {[%emt 0:00:10] Threatens to win with h7.} Rc8 50. h7 {[%emt 0:00:18] aiming for Rh1.} Rh8 51. Rh1 Rd2 52. Rxb3 Rd7 53. Rb6+ Ke5 54. Rb5+ Ke6 55. Kf4 {[%emt 0:00:13] Weighted Error Value: White=0.22 (precise) /Black=0.45} 1-0

[Event "MCCT Chessable Masters 2022"]
[Site "Online"]
[Date "2022.05.16"]
[Round "8.4"]
[White "Giri, Anish"]
[Black "Mamedyarov, Shakhriyar"]
[Result "1/2-1/2"]
[ECO "E05"]
[WhiteElo "2761"]
[BlackElo "2770"]
[Annotator "TA"]
[PlyCount "53"]
[EventDate "2022.05.19"]
[EventType "tourn"]
[EventCountry "NET"]
[SourceTitle "playchess.com"]
[Source "ChessBase"]
[SourceQuality "1"]
[TimeControl "900+10"]

1. Nf3 Nf6 2. c4 e6 3. g3 d5 4. d4 Be7 5. Bg2 O-O 6. O-O dxc4 7. Qc2 b6 {[%emt 0:00:01] E05: Open Catalan: 5 Nf3 Be7.} (7... a6 $5 ) 8. Bg5 Nd5 9. Bxe7 Qxe7 10. Ne5 c5 (10... Rd8 {is more complex.} 11. Nd2 c5 12. dxc5 Qxc5 13. Ndxc4 Bb7) 11. dxc5 Qxc5 12. Qxc4 Qxc4 13. Nxc4 {[%emt 0:00:02] [#]} Nc6 $146 ({Predecessor:} 13... Ba6 14. Ne3 Nd7 15. Nxd5 exd5 16. Nc3 Nf6 17. Rfd1 Rfd8 18. Nxd5 Nxd5 19. Rxd5 Rac8 {1-0 (54) Kozionov,K (2466)-Mendonca,L (2418) Moscow 2020}) 14. Nc3 Ba6 15. Nxd5 exd5 16. Bxd5 Rad8 17. Bxc6 {[%emt 0:00:53] White is more active.} (17. Ne3 $14 Rc8 18. Nf5) 17... Bxc4 $11 {[%emt 0:00:03] The position is equal.} 18. Bf3 Rd2 19. b3 Bxe2 20. Bxe2 Rxe2 21. Rfe1 Rxe1+ 22. Rxe1 {[%emt 0:00:02] KR-KR} f6 23. Re7 Rf7 $1 24. Re8+ Rf8 25. Re7 Rf7 $1 26. Re8+ Rf8 27. Re7 {[%emt 0:00:00] Weighted Error Value: White=0.05 (flawless) /Black=0.06 (flawless)} 1/2-1/2

[Event "MCCT Chessable Masters 2022"]
[Site "Online"]
[Date "2022.05.16"]
[Round "8.5"]
[White "Tari, Aryan"]
[Black "Hansen, Eric"]
[Result "1/2-1/2"]
[ECO "C41"]
[WhiteElo "2654"]
[BlackElo "2606"]
[Annotator "TA"]
[PlyCount "86"]
[EventDate "2022.05.19"]
[EventType "tourn"]
[EventCountry "NET"]
[SourceTitle "playchess.com"]
[Source "ChessBase"]
[SourceQuality "1"]
[TimeControl "900+10"]

1. e4 d6 2. d4 Nf6 3. Nc3 e5 4. Nf3 Nbd7 5. Rg1 exd4 6. Nxd4 {[%emt 0:00:06] C41: Philidor Defence.} Nc5 7. Qf3 Be7 (7... c6 $11 {keeps the balance.}) 8. g4 $1 $16 {[%emt 0:00:32] White is better.} h5 {[%emt 0:03:12][%cal Rh5g4] [#]} 9. h3 $146 ({White should play} 9. g5 $16) ({Predecessor:} 9. g5 Ng4 10. h4 Be6 11. Bf4 Qd7 12. O-O-O O-O-O 13. Qg3 Na4 14. Bb5 {1-0 (14) Ardelean,G (2488)-Praveen Kumar,C (2158) Chess.com INT 2020}) 9... hxg4 $14 10. hxg4 Nfd7 (10... Rh4 $14) 11. g5 $16 {[%emt 0:03:17] White is more active.} Ne5 12. Qe2 Nc6 13. Nxc6 bxc6 14. Be3 $1 Ba6 15. Qd2 Bxf1 16. Rxf1 Qd7 17. O-O-O Qe6 18. Qd4 (18. Bxc5 $142 dxc5 19. f4) 18... Qe5 19. Qc4 Qe6 (19... Bxg5 $2 20. f4 Qe6 21. Qxe6+ Nxe6 22. fxg5 $18) 20. Qd4 (20. Rd4 $14 {deserves consideration.}) 20... Qe5 21. Qb4 $1 a5 (21... Bxg5 $2 22. f4 Bxf4 23. Bxf4 $18) 22. Qa3 {[%emt 0:00:01] f4 is the strong threat.} Qe6 (22... Nxe4 $2 23. Qa4 O-O 24. Nxe4 $18) (22... Bxg5 $2 23. f4 Bxf4 24. Bxf4 $18) 23. f4 Rh3 $2 (23... Nxe4 $2 24. Qa4 f5 25. Qxc6+ Kf7 26. Bd4 $18 (26. Qxc7 Rac8 $11)) (23... Qc4 $16 {might work better.}) 24. Bxc5 $18 dxc5 25. Qa4 $1 {[%emt 0:00:06] And now f5 would win.} Kf8 26. e5 (26. Kb1 $18) 26... c4 27. a3 Bc5 (27... Kg8 $16 28. Ne4 Rh4) 28. Kb1 {[%emt 0:00:42] Threatens to win with f5.} Kg8 (28... g6 $142 29. Ne4 Be7) 29. Ka2 Rh2 $2 (29... g6 30. Rh1 Rxh1 31. Rxh1 Be7) 30. f5 Qxe5 31. Qxc6 $2 (31. g6) 31... Rb8 {[%emt 0:00:01] [#]} 32. Rd5 $1 Rxb2+ 33. Kxb2 {[%emt 0:00:00] The board is on fire.} Bxa3+ {[%emt 0:00:01] [#]} 34. Kb1 $1 (34. Kxa3 $2 {leads to mate.} Qxc3+ 35. Ka2 Rxc2+ 36. Kb1 Qb2#) 34... Qxc3 35. Rd8+ Bf8 {[%emt 0:00:23] [#]} 36. Rxf8+ $1 Kxf8 $16 {[%emt 0:00:00][%mdl 4096] Endgame KQR-KQR. The position is equal.} 37. Qa8+ Ke7 38. f6+ gxf6 39. gxf6+ Kd7 40. Qd5+ Kc8 41. Qa8+ Kd7 42. Qd5+ Kc8 43. Qa8+ Kd7 {[%emt 0:00:01] White really could win this.  Weighted Error Value: White=0.29 (precise) /Black=0.29 (precise)} 1/2-1/2

[Event "MCCT Chessable Masters 2022"]
[Site "Online"]
[Date "2022.05.16"]
[Round "8.6"]
[White "Grandelius, Nils"]
[Black "Ding, Liren"]
[Result "1/2-1/2"]
[ECO "C90"]
[WhiteElo "2635"]
[BlackElo "2806"]
[Annotator "TA"]
[PlyCount "111"]
[EventDate "2022.05.19"]
[EventType "tourn"]
[EventCountry "NET"]
[SourceTitle "playchess.com"]
[Source "ChessBase"]
[SourceQuality "1"]
[TimeControl "900+10"]

1. e4 e5 2. Nf3 Nc6 3. Bb5 a6 4. Ba4 Nf6 5. O-O Be7 6. d3 b5 7. Bb3 d6 8. c3 O-O 9. a4 Bd7 10. Bc2 Re8 11. Re1 h6 12. Nbd2 Bf8 13. h3 {[%emt 0:00:11] C90: Closed Ruy Lopez with 7...d6: Early deviations.} Rb8 14. axb5 axb5 15. Nf1 Ne7 16. d4 Ng6 17. Ng3 c5 18. Be3 Qc7 19. Qd2 {[%emt 0:00:07] [#]} Ra8 $146 ({Predecessor:} 19... Rec8 20. d5 Ra8 21. Reb1 Qd8 22. Kh2 Rxa1 23. Rxa1 Ra8 24. Rxa8 Qxa8 25. b3 Qa2 26. Ne2 Be7 27. Qd1 Nh7 28. Qb1 Qxb1 {½-½ (28) Stewart,D-Atkins,A (1500) ICCF email 2020}) 20. Red1 Bc6 21. d5 Bd7 22. b4 c4 23. Rdb1 Be7 24. Qc1 Qb7 25. Rb2 Rxa1 26. Qxa1 Ra8 27. Ra2 Rxa2 28. Qxa2 Bd8 29. Qa7 Qxa7 30. Bxa7 Nf4 31. Kf1 g6 32. Ne2 N6h5 33. Nxf4 Nxf4 34. Be3 Kg7 35. Ng1 f5 36. f3 fxe4 37. fxe4 h5 38. Ne2 g5 39. Bd1 h4 40. Ng1 {[%emt 0:01:03] The position is equal.} Be8 41. Nf3 Bh5 42. Nxg5 $1 Bxd1 43. Bxf4 $11 {[%emt 0:00:02][%mdl 4096] [#] Endgame And now Ne6+ would win. KBB-KBN} Kg6 44. Ne6 Be7 45. Be3 Bc2 46. Kf2 Bxe4 47. Nc7 Kf5 48. Ba7 Bf8 49. Nxb5 {[%emt 0:00:10] Black must now prevent Nc7.} Bxd5 50. Bb8 Ke4 51. Nxd6+ Kd3 {[%emt 0:00:08] [#] ...e4 is the strong threat.} 52. Nxc4 Bxc4 ({Reject} 52... Kxc4 $6 53. Bxe5 Kd3 54. Bf6 $17) 53. Bxe5 Bh6 54. g3 Be3+ 55. Kf3 Bd5+ 56. Kg4 {[%emt 0:00:01] Weighted Error Value: White=0.04 (flawless) /Black=0.02 (flawless)} 1/2-1/2

[Event "MCCT Chessable Masters 2022"]
[Site "Online"]
[Date "2022.05.16"]
[Round "8.7"]
[White "Praggnanandhaa R"]
[Black "Anton Guijarro, David"]
[Result "0-1"]
[ECO "C78"]
[WhiteElo "2642"]
[BlackElo "2691"]
[Annotator "TA"]
[PlyCount "128"]
[EventDate "2022.05.19"]
[EventType "tourn"]
[EventCountry "NET"]
[SourceTitle "playchess.com"]
[Source "ChessBase"]
[SourceQuality "1"]
[TimeControl "900+10"]

1. e4 e5 2. Nf3 Nc6 3. Bb5 a6 4. Ba4 Nf6 5. d3 Bc5 6. c3 d6 7. O-O Ba7 {[%emt 0:00:13] C78: Ruy Lopez: Archangelsk and Möller Defences.} 8. Re1 O-O 9. h3 h6 {[%emt 0:00:20] The position is equal.} 10. Nbd2 Ne7 11. Nf1 Ng6 12. Ng3 c5 $5 {[%emt 0:00:35][%mdl 4] Leaves trodden paths.} 13. Bc2 d5 14. exd5 Qxd5 15. Bb3 Qd6 {[%emt 0:00:08] [#]} 16. Qe2 $146 ({Predecessor:} 16. Ne4 Qc6 {½-½ (16) Klewe,W (2243)-Kutlu,H (2212) ICCF email 2019}) 16... Re8 17. Ne4 Qc6 18. Nxf6+ Qxf6 19. Bd5 Rb8 20. Be3 Bd7 21. Nd2 Qd6 22. Qf3 Be6 23. Bxe6 Rxe6 24. Ne4 Qxd3 (24... Qc6 $11) 25. Rad1 ({Much worse is} 25. Bxc5 Qxf3 26. gxf3 Bb6 27. Bxb6 Rxb6 $17) (25. Nxc5 Bxc5 26. Bxc5 Qxf3 27. gxf3 Nh4 $17) 25... Qb5 26. b4 (26. Rd2 $14) 26... b6 ({Black should try} 26... Qc6 $11) 27. bxc5 bxc5 28. Rd5 Nf4 29. Bxf4 exf4 30. Red1 Rf8 31. Rd8 {[%emt 0:01:14][%cal Oe4f6] aiming for Nf6+!} Qc6 32. R1d5 (32. R8d5 $1 $11 {remains equal.}) 32... Rxd8 $1 $17 33. Rxd8+ Kh7 34. Rd5 $2 f5 ({Don't do} 34... Qxd5 35. Nf6+ $1 gxf6 36. Qxd5 $18) 35. Nd2 c4 (35... Re1+ $19 {and Black stays clearly on top.} 36. Kh2 c4 37. Rxf5 Qxf3 38. gxf3 (38. Nxf3 $2 Rc1 $17) 38... Re2) 36. Rxf5 (36. Kf1 $17) 36... Re1+ $1 $19 37. Kh2 Qxf3 38. Nxf3 {[%emt 0:00:01][%mdl 4096] Endgame KRB-KRN} Re2 (38... Rc1 $142 39. h4 Rxc3) 39. Rf7 (39. a4 $142) 39... Bb6 $1 $17 40. a4 Rxf2 ({Much weaker is} 40... Bxf2 $6 41. Rxf4 Ba7 42. Rxc4 $11) 41. h4 (41. Rxf4 $17 Bc7 42. Kg1 Rxg2+ 43. Kxg2 Bxf4 44. Nd4) 41... Rc2 42. h5 (42. Kh3 $17 {was called for.}) 42... Rxc3 $19 43. Kh3 Rd3 {[%emt 0:00:12] Threatens to win with ...c3.} 44. Rxf4 c3 {[%emt 0:00:11] And now ...Rd5 would win.} 45. Rc4 Rd5 (45... Bd8 $1 $19 46. Kg3 Bf6) 46. Rxc3 $17 Rxh5+ 47. Kg4 Ra5 48. Rc4 Bd8 49. Kf4 Bf6 50. g4 Kg6 51. Kg3 Kf7 52. Kf4 {[%emt 0:00:07] [#]} (52. Re4 $17) 52... Ke6 $1 $19 53. Ke4 Kd6 54. Nd2 (54. Ke3 {keeps fighting.}) 54... Rc5 55. Kd3 (55. Rb4) 55... Rxc4 56. Kxc4 {[%emt 0:00:04] KB-KN} Ke5 {[%emt 0:00:01] Black mates.} 57. Nb3 Kf4 58. Nc5 Kxg4 59. Nxa6 h5 60. Nc5 h4 61. a5 Bd8 62. a6 Bb6 63. Nd7 {[%emt 0:00:11] [#]} Ba7 $1 64. Kd3 h3 {[%emt 0:00:10] Weighted Error Value: White=0.37/Black=0.12 (very precise)} 0-1

[Event "MCCT Chessable Masters 2022"]
[Site "Online"]
[Date "2022.05.16"]
[Round "8.8"]
[White "Harikrishna, Pentala"]
[Black "Jones, Gawain C B"]
[Result "1-0"]
[ECO "C78"]
[WhiteElo "2705"]
[BlackElo "2669"]
[Annotator "TA"]
[PlyCount "89"]
[EventDate "2022.05.19"]
[EventType "tourn"]
[EventCountry "NET"]
[SourceTitle "playchess.com"]
[Source "ChessBase"]
[SourceQuality "1"]
[TimeControl "900+10"]

1. e4 e5 2. Nf3 Nc6 3. Bb5 a6 4. Ba4 Nf6 5. O-O b5 6. Bb3 Bc5 7. a4 Rb8 8. c3 d6 9. d4 Bb6 10. a5 {[%emt 0:00:02] C78: Ruy Lopez: Archangelsk and Möller Defences.} Ba7 (10... Nxa5 11. Rxa5 Bxa5 12. dxe5 $14) (10... Bxa5 $2 11. dxe5 (11. d5 Ne7 $18) 11... dxe5 12. Qxd8+ Kxd8 13. Bd5 (13. Bxf7 Bb6 $16) 13... Nxd5 14. exd5 $18) 11. h3 Bb7 12. Be3 {[%emt 0:00:13] White is slightly better.} Nxe4 13. Re1 (13. d5 {is interesting.} Bxe3 14. dxc6 Nxf2 15. Qe2) 13... Ne7 14. Nbd2 Nxd2 15. Bxd2 {[%emt 0:00:04] Hoping for Ng5.} O-O 16. dxe5 dxe5 17. Nxe5 {[%emt 0:01:27] And now Bg5 would win.} (17. Rxe5 Ng6 18. Rf5 h6 $17) 17... Ng6 18. Be3 {[%emt 0:00:49][%cal Bd2e3,Be3a7,Ba7c5][%mdl 32] [#]} Nxe5 $146 ({Predecessor:} 18... Bxe3 19. Rxe3 Qg5 20. Qg4 Qxg4 21. hxg4 Nxe5 22. Rxe5 Rfe8 23. Rc5 c6 24. Kf1 h6 {1-0 (56) Castro,F (2271)-Pastukhov,I ICCF email 2015}) 19. Qxd8 Rbxd8 20. Bxa7 Nc4 21. Bxc4 bxc4 22. Re7 Rd2 (22... Rc8 $14) 23. Rxc7 $16 Rxb2 24. Rd1 {[%emt 0:01:03] Prevents Bd5. Bc5 is the strong threat.} h5 $2 {[%emt 0:00:51] [#] This move loses the game for Black.} (24... Be4 $16 {was called for.}) 25. Bc5 $1 $18 (25. Rxc4 Rb5 $16) 25... Re8 {[%emt 0:02:50] [#]} 26. Rdd7 $1 Rb5 27. Rxf7 ({Less strong is} 27. Rxb7 Rxc5 28. Rxf7 Rg5 $16) 27... Rxc5 28. Rxg7+ ({Weaker is} 28. Rxb7 Rg5 29. h4 Rg4 $16) 28... Kh8 {[%emt 0:00:01] White must now prevent ...Re1+.} 29. Rh7+ ({Not} 29. Rxb7 Rxa5 30. Rh7+ Kg8 31. Rbg7+ Kf8 $18) 29... Kg8 30. Rcg7+ Kf8 31. Rxb7 {[%emt 0:00:03][%cal Rh7h8][%mdl 4096] Endgame KRR-KRR} Kg8 {[%emt 0:00:01] Inhibits Rh8+.} 32. Rbg7+ Kf8 33. Rc7 Rxc7 34. Rxc7 {[%emt 0:00:01] KR-KR} Re5 35. Rxc4 Rxa5 36. Rc7 (36. g4 $142) 36... Ke8 $2 (36... h4 37. Kf1 Rh5) 37. g4 Kd8 38. Ra7 Kc8 (38... Ra4 $142 39. gxh5 Rh4) 39. Kg2 Kb8 40. Rh7 hxg4 41. hxg4 {[%emt 0:00:02][%cal Bh3g4,Bg4g5][%mdl 32] aiming for f4.} Rc5 42. f4 {[%emt 0:00:09] White threatens g5 and mate.} Rc4 43. Rf7 {[%emt 0:01:03] White wants to mate with g5.} Kc8 44. g5 Kd8 45. Kg3 {[%emt 0:00:52] Weighted Error Value: White=0.07 (flawless) /Black=0.35} (45. g6 $142 Ke8 46. f5 Rc6 47. Kf3 a5 48. Kf4 Rd6 49. f6 Rc6 50. Re7+ Kd8 51. Kf5) 1-0

[Event "MCCT Chessable Masters 2022"]
[Site "Online"]
[Date "2022.05.16"]
[Round "9.1"]
[White "Jones, Gawain C B"]
[Black "Carlsen, Magnus"]
[Result "0-1"]
[ECO "B06"]
[WhiteElo "2669"]
[BlackElo "2864"]
[Annotator "TA"]
[PlyCount "86"]
[EventDate "2022.05.19"]
[EventType "tourn"]
[EventCountry "NET"]
[SourceTitle "playchess.com"]
[Source "ChessBase"]
[SourceQuality "1"]
[TimeControl "900+10"]

1. e4 g6 2. d4 Bg7 3. Nc3 d6 4. Be3 a6 5. Qd2 b5 6. h4 {[%emt 0:00:31] B06: Modern Defence.} Nf6 7. f3 h5 8. O-O-O {[%emt 0:00:14] White is slightly better.} b4 9. Nd5 Nxd5 10. exd5 {[%emt 0:00:02] [#]} a5 $146 ({Better is} 10... c6 $1 $11) ({Predecessor:} 10... c6 11. dxc6 Nxc6 12. d5 Ne5 13. f4 Ng4 14. Bd4 Bxd4 15. Qxd4 O-O 16. Nf3 Qa5 {½-½ (64) Agopov,M (2430)-Nabaty,T (2649) Terme Catez 2021}) 11. Re1 ({White should try} 11. Nh3 $14) 11... c6 $1 $11 12. dxc6 Nxc6 13. Bb5 Bd7 14. Bg5 {[%emt 0:02:57] Threatens to win with Bxc6.} Ra7 15. Nh3 a4 (15... Qb8 $5 16. Ba4 O-O $11) 16. Nf4 b3 17. a3 (17. axb3 axb3 18. Qc3 Bxd4) 17... bxc2 18. Nd5 $1 {[%emt 0:01:38] Hoping for Bxc6.} (18. Qxc2 O-O $1 19. Bxc6 Bxc6 $15) 18... Nxd4 {[%emt 0:00:18] The board is on fire.} 19. Bxe7 ({But not} 19. Rxe7+ {[#]} Qxe7 $3 20. Re1 Nb3+ 21. Kxc2 Bxb5 $1 $17) 19... Nb3+ $40 {[%emt 0:01:30][%cal Bd4b3,Bb3d2,Bd2c4,Bc4b2][%mdl 160] Black mounts an attack.} 20. Kxc2 Qc8+ 21. Kd1 Bxb5 (21... Nxd2 $2 22. Bxd6+ Kd8 23. Be7+ Ke8 24. Bd6+ Kd8 25. Be7+ Ke8 26. Bc5+ Kd8 27. Be7+ $18 (27. Bb6+ Rc7 $18)) 22. Bxd6+ $4 {[%emt 0:00:47][%mdl 8192] White is on the road to losing.} (22. Qg5 $1 $11 {and White has nothing to worry.} Nd4 23. Bf6+ (23. Nf6+ Bxf6 24. Bxf6+ Be2+ 25. Rxe2+ Nxe2 $11) 23... Kf8 24. Bxg7+ Kxg7 25. Qf6+ Kh7 26. Qxd4) 22... Kd8 $19 23. Be7+ {[%emt 0:00:26] [#]} (23. Qg5+ {might work better.} f6 24. Qf4) 23... Rxe7 $1 24. Nxe7+ Nxd2 25. Nxc8 {[%emt 0:00:03] Nd6 is the strong threat.} Nc4 {[%emt 0:00:05] Inhibits Nd6.} 26. Na7 Bd7 27. Re4 Nxb2+ 28. Ke2 (28. Kd2 $142 Re8 29. Rb4) 28... f5 29. Rb4 Bc3 30. Rb8+ Kc7 31. Rxh8 Bxh8 32. Rc1+ Kb7 33. Rc2 f4 {[%emt 0:00:31] And now ...Bf5 would win.} 34. Rd2 Be6 {[%emt 0:00:04] Strongly threatening ...Bc4+.} ({Weaker is} 34... Kxa7 35. Rxd7+ Kb6 36. Rd6+ Kc5 37. Rxg6 $11) 35. Rd8 Bc3 36. Rd6 Bc4+ 37. Kf2 Kxa7 38. Rxg6 Nd3+ {[%emt 0:00:01] Black mates.} 39. Kg1 Bb2 40. Rg5 Kb6 41. Rxh5 Bxa3 42. Rh8 Bc5+ 43. Kh2 a3 {[%emt 0:00:00] Weighted Error Value: White=0.72/Black=0.07 (flawless)} 0-1

[Event "MCCT Chessable Masters 2022"]
[Site "Online"]
[Date "2022.05.16"]
[Round "9.2"]
[White "Anton Guijarro, David"]
[Black "Harikrishna, Pentala"]
[Result "1/2-1/2"]
[ECO "C77"]
[WhiteElo "2691"]
[BlackElo "2705"]
[Annotator "TA"]
[PlyCount "104"]
[EventDate "2022.05.19"]
[EventType "tourn"]
[EventCountry "NET"]
[SourceTitle "playchess.com"]
[Source "ChessBase"]
[SourceQuality "1"]
[TimeControl "900+10"]

1. e4 e5 2. Nf3 Nc6 3. Bb5 a6 4. Ba4 Nf6 5. d3 Bc5 6. Nc3 {[%emt 0:00:15] C77: Ruy Lopez: 3...a6 4 Ba4 Nf6, unusual lines.} d6 $1 {[%emt 0:01:06] 6...d6 scores better than 6...b5.} 7. Bxc6+ bxc6 8. Be3 Bb4 {[%emt 0:00:25] [#]} 9. O-O $146 ({Predecessor:} 9. Qd2 d5 10. Nxe5 d4 11. Nxc6 dxc3 12. bxc3 Qd6 13. Nxb4 a5 14. Nd5 Nxd5 15. exd5 Qxd5 {0-1 (41) Lazsadi,K (1399)-Pasti,Z (1249) Zalakaros 2018}) 9... Bxc3 10. bxc3 h6 11. h3 O-O 12. Nd2 d5 13. Qf3 Re8 14. Nb3 Be6 15. Nc5 dxe4 16. Nxe4 Nxe4 17. Qxe4 Qd5 18. Qh4 Bf5 19. Qg3 Re6 20. c4 Qd7 {[%emt 0:00:11] [#] And now ...Rg6 would win.} 21. Kh2 Rae8 22. f3 Bg6 23. Bc5 Kh7 24. Rae1 f5 25. Rf2 Qf7 26. Rfe2 e4 27. f4 Bh5 28. Re3 exd3 29. cxd3 Rxe3 30. Rxe3 Rxe3 31. Qxe3 Qe8 32. Qxe8 Bxe8 $16 {[%emt 0:00:02][%mdl 4096] Endgame KB-KB} 33. Kg3 Kg8 34. Kh4 Kf7 35. g4 ({White should try} 35. Be3 $16) 35... fxg4 $11 36. hxg4 ({Of course not} 36. Kxg4 Bd7+ 37. Kg3 Bf5 $15) 36... g5+ (36... g6 $11 {keeps the balance.}) 37. fxg5 $16 {[%emt 0:00:09] White is more active.} Kg6 38. gxh6 Kxh6 39. Be3+ Kh7 40. Kg5 Bg6 41. Kf6 Bxd3 42. c5 a5 {[%emt 0:00:12] [#]} 43. a3 ({Better is} 43. a4 $1 $16) 43... a4 $14 44. g5 Be4 45. Ke7 Kg6 46. Kd7 Bd5 47. Kxc7 Be4 48. Kb6 Bd5 49. Ka5 Bb3 50. Kb6 Bd5 51. Ka5 Bb3 52. Kb6 Bd5 {[%emt 0:00:02] Weighted Error Value: White=0.11 (very precise) /Black=0.08 (flawless)} 1/2-1/2